 Dungeon Crawl Stone Soup version 0.26.1-11-gd32895ea62 (webtiles) character file.

Game seed: 765088990836068312

72 promet the Skirmisher (level 4, -4/41 HPs)
             Began as a Minotaur Fighter on June 29, 2021.
             Slain by Sigmund
             ... wielding a +0 scythe
              (6 damage)
             ... on level 2 of the Dungeon.
             The game lasted 00:07:37 (2081 turns).

promet the Skirmisher (Minotaur Fighter)            Turns: 2081, Time: 00:07:37

Health: -4/41      AC:  8    Str: 21    XL:     4   Next: 6%
Magic:  3/3        EV:  7    Int:  6    God:
Gold:   85         SH:  9    Dex:  9    Spells: 3/3 levels left

rFire    . . .     SeeInvis .   a - +2 long sword
rCold    . . .     Faith    .   c - +0 kite shield
rNeg     . . .     Spirit   .   b - +0 scale mail
rPois    .         Reflect  .   (helmet restricted)
rElec    .         Harm     .   d - +0 cloak
rCorr    .         Rampage  .   (no gloves)
Will     .....                  (no boots)
Stlth    ..........             (no amulet)
HPRegen  0.13/turn              (no ring)
MPRegen  0.08/turn              (no ring)

@: no status effects
A: retaliatory headbutt, horns 2
a: no special abilities


You were on level 2 of the Dungeon.
You visited 1 branch of the dungeon, and saw 2 of its levels.

You collected 85 gold pieces.

Inventory:

Hand Weapons
 a - a +2 long sword (weapon)
Missiles
 e - 49 stones (quivered)
 i - a throwing net
 j - 19 bolts
Armour
 b - a +0 scale mail (worn)
 c - a +0 kite shield (worn)
 d - a +0 cloak (worn)
 f - a scarf of invisibility
Scrolls
 g - a scroll of remove curse
 k - 2 scrolls of identify
Potions
 h - a potion of attraction


   Skills:
 * Level 4.6 Fighting
 + Level 3.0 Long Blades
 + Level 4.2 Armour
 + Level 0.2 Dodging
 + Level 4.3 Shields


You had 3 spell levels left.
You didn't know any spells.
Your spell library was empty.

Dungeon Overview and Level Annotations

Branches:
Dungeon (2/15)

Altars:
Ru

Annotations:
D:2 Sigmund


Innate Abilities, Weirdness & Mutations

You reflexively headbutt those who attack you in melee.
You have a pair of horns on your head.


Message History

You hit Sigmund. Your headbutt misses Sigmund.
Sigmund is severely wounded.
Sigmund gestures at himself while chanting.
Sigmund flickers and vanishes!
Deactivating autopickup; reactivate with Ctrl-A.
You bump into the rock wall.
You hear some strange, mumbled words.
Something tries to affect you, but you resist.
You're too confused to move!
Something hits you.
* * * LOW HITPOINT WARNING * * *
You feel less confused.
You hear some strange, mumbled words.
A magic dart appears from out of thin air!
The magic dart hits you.
* * * LOW HITPOINT WARNING * * *
Okay, then.
You hit something. Something hits you!
* * * LOW HITPOINT WARNING * * *
You barely miss something. Something hits you.
You die...

#.##....#.....+......#
#.##....#.##.##......#
#.###...#.##..+......#
#.####..#.##.##......#
#...............#+####
#.####.##.###.#.#.#
#.# ####.# #.#†#.# ###
#####'###.)...#
#...{@.####'#######
#......#..........#
#......+..........##
#......#...........###
#......#..)....#......
########.....######...
#.......#..#...
#.......#..#..#
#..........≈..#


There were no monsters in sight!

Vanquished Creatures
  Crazy Yiuf (D:2)
  An adder (D:2)
  2 worms (D:2)
  A leopard gecko (D:1)
  4 goblins
  4 hobgoblins
  2 quokkas (D:2)
  A bat (D:2)
  3 frilled lizards
  6 kobolds
  5 rats
30 creatures vanquished.

Notes
Turn   | Place    | Note
-------+----------+-------------------------------------------
     0 | D:1      | promet the Minotaur Fighter began the quest for the Orb.
     0 | D:1      | Reached XP level 1. HP: 19/19 MP: 0/0
   570 | D:1      | Reached XP level 2. HP: 27/27 MP: 1/1
  1310 | D:2      | Found a runed translucent door.
  1311 | D:2      | Noticed Crazy Yiuf
  1318 | D:2      | Killed Crazy Yiuf
  1319 | D:2      | Reached XP level 3. HP: 15/34 MP: 2/2
  1643 | D:2      | Found a sacrificial altar of Ru.
  1890 | D:2      | Reached XP level 4. HP: 41/41 MP: 3/3
  2053 | D:2      | Noticed Sigmund
  2080 | D:2      | HP: 2/41 [something (7)]
  2081 | D:2      | Slain by Sigmund

Illustrated notes

Levels and vault maps discovered:
D:1:      ncdulo_wetmaze, layout_basic
D:2:      layout_basic, hangedman_ru_absence, uniq_crazy_yiuf_cottage,
          uniq_sigmund

Skill      XL: |  1  2 |
---------------+-------+-----
Shields        | 4 |  4.3
Fighting       | 4 |  4.6
Long Blades    | 3 |  3.0
Armour         | 4 |  4.2
Dodging        | |  0.2

Action                   |  1- 3 |  4- 6 || total
-------------------------+-------+-------++-------
Melee: Long sword        |    83 |    21 ||   104
       Headbutt          |     8 |     1 ||     9
Throw: Stone             |     1 |       ||     1
  Use: Potion            |     3 |     1 ||     4
       Scroll            |     4 |       ||     4
Armor: Scale mail        |    32 |     4 ||    36
Dodge: Dodged            |    24 |     6 ||    30
Block: Kite shield       |    34 |     1 ||    35
       Rpst.: Long sword |     4 |     1 ||     5
